cohdb
Replays
Latest Replays
All Replays
Popular Replays
Top Player Replays
Match Explorer
How It Works
Community
CoH3 Stats
Reddit
Sign in to upload your games and track your stats! →
Sign in with Steam
Match 39850208
Unlisted
Match 39850208
Overview
Messages
Build Orders
End
Royal Engineer Section
Construct Section Command Post
Infantry Section
Dingo Light Scout Car
Infantry Section
Construct Platoon Command Post
Humber Armored Car
Infantry Section
Construct Field Infirmary
Selects Heavy Armor Battlegroup
Selects Heavy Armor Battlegroup
Selects Light Vehicle Withdraw and Refit
Light Vehicle Withdraw and Refit
Infantry Training
Infantry Section
Grenade Package
Unlock M3 Stuart Light Tanks
M3 Stuart Light Tank
Selects Engineer Detachments
Selects Forward Repair Assembly
eliass0101
PUT ME DOWN AND WATCH ME GO
0
0
Comments
sign in to comment!
No comments posted yet!